 Dungeon Crawl Stone Soup version 0.14-a0-2162-g062a2ce (webtiles) character file.

26747 RedPan the Impaler (level 13, -3/109 HPs)
             Began as a Merfolk Gladiator on Jan 28, 2014.
             Was a High Priest of Okawaru.
             Slain by a 12-headed hydra (4 damage)
             ... on Level 3 of the Lair of Beasts.
             The game lasted 01:18:49 (17213 turns).

RedPan the Impaler (Merfolk Gladiator)             Turns: 17213, Time: 01:18:50

HP  -3/109       AC 13     Str 17      XL: 13   Next: 23%
MP  11/13        EV 24     Int  6      God: Okawaru [*****.]
Gold 659         SH  0     Dex 19      Spells:  0 memorised, 12 levels left

rFire  + . .     SeeInvis .     y - +3,+2 halberd (elec)
rCold  . . .     Clarity  .     g - +3 ring mail of a wizard's laboratory {Dex+2 Int-3}
rNeg   . . .     Conserve .     (no shield)
rPois  .         rCorr    .     (no helmet)
rElec  .         rRot     .     F - +1 cloak "Pnedi Jasot" {rF+}
SustAb + .       Spirit   .     (no gloves)
rMut   .         Warding  .     (no boots)
Saprov . . .     Stasis   +     K - amulet of Jofism {Stasis Int+1 Acc+4 Stlth-}
MR     .....                    B - ring of flight
                                u - ring of sustain abilities

@: heroism, not resistant to hostile enchantments, fairly stealthy
A: change form in water, swift swim
a: Heroism, Finesse, Renounce Religion, Evoke Flight


You were on level 3 of the Lair of Beasts.
You worshipped Okawaru.
Okawaru was extremely pleased with you.
You were not hungry.

You visited 3 branches of the dungeon, and saw 14 of its levels.
You also visited: Bailey.

You collected 659 gold pieces.

Inventory:

Hand weapons
 y - a +3,+2 halberd of electrocution (weapon)
Armour
 g - the +3 ring mail of a wizard's laboratory (worn) {Dex+2 Int-3}
   (You found it on level 4 of the Dungeon)

   It affects your intelligence (-3).
   It affects your dexterity (+2).
 F - the +1 cloak "Pnedi Jasot" (worn) {rF+}
   (You found it on level 7 of the Dungeon)

   It protects you from fire.
Magical devices
 s - a wand of teleportation (4)
 C - a wand of teleportation (3)
Comestibles
 b - a chunk of giant goldfish flesh
 c - 2 rotting chunks of yak flesh
 f - a choko
 m - 5 meat rations
Scrolls
 d - a scroll of fear
 e - 4 scrolls of teleportation
 j - a scroll of magic mapping
 q - 3 scrolls of identify
 v - a scroll of amnesia {unknown}
 x - a scroll of blinking {unknown}
 D - 2 scrolls of remove curse
 H - a scroll of fog
 U - a scroll of recharging {unknown}
Jewellery
 u - a ring of sustain abilities (left hand)
 B - a ring of flight (right hand)
 K - the amulet of Jofism (around neck) {Stasis Int+1 Acc+4 Stlth-}
   (You found it on level 8 of the Dungeon)

   [amulet of stasis]

   It affects your intelligence (+1).
   It affects your accuracy with ranged weapons and melee attacks (+4).
   It makes you much less stealthy.
Potions
 a - a potion of resistance
 h - 2 potions of speed
 i - a potion of heal wounds
 k - 2 potions of flight
 o - 3 potions of curing
 G - 2 potions of magic
 S - a potion of agility


   Skills:
 + Level 12.5(17.5) Fighting
 - Level 18.0(23.0) Polearms
 - Level 2.0(7.0) Throwing
 - Level 6.2(11.2) Armour
 + Level 12.2(17.2) Dodging


You had 12 spell levels left.
You didn't know any spells.

Dungeon Overview and Level Annotations

Branches:
Dungeon (10/16)            Temple (1/1) D:7             Orc (0/4) D:10
   Lair (3/8) D:10
  Swamp: Lair:3-6    Shoals: Lair:3-6     Snake: Lair:3-6    Spider: Lair:3-6

Altars:
Ashenzari
Cheibriados
Dithmengos
Elyvilon
Fedhas
Kikubaaqudgha
Makhleb
Nemelex Xobeh
Okawaru
Sif Muna
Trog
Vehumet
Xom
Yredelemnul
Zin
The Shining One

Shops:
D:5 =   D:9 [   D:10 *

Annotations:
D:7 exclusion: oklob plant


Message History

* * * LOW HITPOINT WARNING * * *
The 12-headed hydra bites you.
* * * LOW HITPOINT WARNING * * *
The 12-headed hydra misses you. The 12-headed hydra barely misses you.
The 12-headed hydra bites you.
* * * LOW HITPOINT WARNING * * *
Read which item? (? for menu, Esc to quit)
As you read the scroll labeled PEPEEF QAETHIO, it crumbles to dust.
You assume a fearsome visage.
The crocodile looks frightened!
The 12-headed hydra resists.
It was a scroll of fear.
The 12-headed hydra bites you but does no damage.
The 12-headed hydra closely misses you. The 12-headed hydra barely misses you.
The 12-headed hydra bites you but does no damage.
The 12-headed hydra barely misses you. The 12-headed hydra closely misses you.
The 12-headed hydra completely misses you.
The 12-headed hydra closely misses you. The 12-headed hydra bites you.
* * * LOW HITPOINT WARNING * * *
The 12-headed hydra closely misses you. The 12-headed hydra bites you.
You die...

≈≈.......#####.#
#..#
......f.......#
..#
...##.).f.##.#
## ###.######
#.## #..# ###..#
#..#.# ###.@#
##D# #..# #f.t#
##.#.# ......
##.#.#D#
........ #.#.# #


You could see a 12-headed hydra and a crocodile (fleeing).

Vanquished Creatures
  A hill giant (D:8)
  An orc knight (Bailey)
  4 spiny frogs
  A black mamba (Lair:2)
  A fire drake (D:10)
  A komodo dragon (Lair:2)
  Prince Ribbit (D:9)
  7 blink frogs
  4 wandering mushrooms (Lair:3)
  A basilisk (Lair:2)
  A troll (D:10)
  A wraith (D:10)
  13 yaks
  Eustachio (D:9)
  3 wolves (Lair:2)
  4 hippogriffs
  3 sharks
  3 hungry ghosts
  A merfolk (D:8)
  Edmund (D:9)
  3 porcupines
  2 necrophages (D:8)
  3 orc warriors
  A giant goldfish (Lair:3)
  A sky beast (D:9)
  11 ice beasts
  3 phantoms
  4 centaurs
  4 ogres
  A big kobold (D:10)
  10 giant frogs
  2 giant slugs
  3 water moccasins
  8 crocodiles
  An agate snail (Lair:1)
  5 wights (D:8)
  A jellyfish (Lair:3)
  7 killer bees
  An eye of draining (D:9)
  6 crimson imps
  A big fish (Lair:1)
  A giant frog skeleton (D:10)
  5 orc priests
  4 orc wizards
  6 hounds
  6 jellies (D:7)
  7 worker ants
  3 iguanas
  7 scorpions
  5 sheep (Lair:2)
  A sky beast zombie (D:8)
  A hound skeleton (D:5)
  13 gnolls (Bailey)
  A worker ant zombie (D:5)
  16 adders
  4 worms
  An adder zombie (D:5)
  An adder skeleton (D:6)
  2 giant eyeballs
  6 giant geckos
  12 oozes (D:7)
  22 orcs
  A bat zombie (D:1)
  23 goblins
  17 hobgoblins
  25 jackals
  7 quokkas
  4 ball pythons
  13 bats
  8 giant cockroaches
  6 giant newts
  A giant newt zombie (D:1)
  A giant spore (D:10)
  A hobgoblin skeleton (D:5)
  25 kobolds
  22 rats
  2 rat skeletons
  A ballistomycete (D:10)
  A fungus (Lair:3)
413 creatures vanquished.

Vanquished Creatures (others)
  8 fungi
  7 plants (Lair:1)
15 creatures vanquished.

Grand Total: 428 creatures vanquished

Notes
Turn   | Place    | Note
--------------------------------------------------------------
     0 | D:1      | RedPan, the Merfolk Gladiator, began the quest for the Orb.
     0 | D:1      | Reached XP level 1. HP: 16/16 MP: 1/1
   129 | D:1      | Reached skill level 5 in Polearms
   130 | D:1      | Reached XP level 2. HP: 17/22 MP: 2/2
   571 | D:2      | Reached XP level 3. HP: 27/27 MP: 3/3
   579 | D:2      | Reached skill level 6 in Polearms
  1009 | D:2      | Reached XP level 4. HP: 31/33 MP: 4/4
  1108 | D:2      | Found a deep blue altar of Sif Muna.
  1164 | D:2      | Reached skill level 7 in Polearms
  1401 | D:2      | Found a shattered altar of Ashenzari.
  1811 | D:3      | Found a sparkling altar of Nemelex Xobeh.
  1873 | D:3      | Reached skill level 8 in Polearms
  1873 | D:3      | Reached XP level 5. HP: 25/38 MP: 5/5
  2047 | D:3      | Found a bloodstained altar of Trog.
  3224 | D:4      | Reached skill level 9 in Polearms
  3444 | D:4      | Reached XP level 6. HP: 10/44 MP: 6/6
  4162 | D:4      | Got a distressingly furry ring mail
  4163 | D:4      | Identified the cursed +3 ring mail of a wizard's laboratory {Dex+2 Int-3} (You found it on level 4 of the Dungeon)
  4194 | D:4      | Reached skill level 10 in Polearms
  4230 | D:4      | Paralysed by a giant eyeball for 4 turns
  4376 | D:4      | Reached XP level 7. HP: 48/50 MP: 7/7
  4399 | D:4      | Reached skill level 11 in Polearms
  4751 | D:5      | Entered Level 5 of the Dungeon
  4775 | D:5      | Found Gamenlog's Jewellery Boutique.
  5508 | D:5      | Reached skill level 12 in Polearms
  5945 | D:6      | Found a burning altar of Makhleb.
  6145 | D:6      | Reached XP level 8. HP: 52/56 MP: 8/8
  6342 | D:6      | Noticed a yak
  6343 | D:6      | Noticed a yak
  6344 | D:6      | Noticed a yak
  6369 | D:6      | Killed a yak
  6369 | D:6      | Reached skill level 13 in Polearms
  6382 | D:6      | Killed a yak
  6586 | D:6      | Killed a yak
  6586 | D:6      | Reached skill level 14 in Polearms
  6791 | D:6      | Found a sparkling altar of Nemelex Xobeh.
  6808 | D:6      | Noticed a yak
  6809 | D:6      | Noticed a yak
  6818 | D:6      | Noticed a yak
  7004 | D:6      | Killed a yak
  7514 | D:5      | Reached skill level 5 in Fighting
  7514 | D:5      | Reached XP level 9. HP: 65/68 MP: 9/9
  7699 | D:7      | Found a staircase to the Ecumenical Temple.
  7718 | Temple   | Entered the Ecumenical Temple
  7847 | Temple   | Became a worshipper of Warmaster Okawaru
  8154 | D:7      | Found a sparkling altar of Nemelex Xobeh.
  8188 | D:7      | Got a dazzling cloak
  8189 | D:7      | Identified the +1 cloak "Pnedi Jasot" {rF+} (You found it on level 7 of the Dungeon)
  8545 | D:7      | Noticed an oklob plant
  8722 | D:8      | Found a flagged portal.
  8740 | Bailey   | Entered a bailey
  9761 | Bailey   | Noticed an orc knight
  9774 | Bailey   | Killed an orc knight
  9774 | Bailey   | Reached skill level 15 in Polearms
  9811 | Bailey   | HP: 3/75 [gnoll/glowing halberd (17)]
 10206 | D:8      | Reached XP level 10. HP: 70/81 MP: 10/10
 10209 | D:8      | Reached skill level 16 in Polearms
 10252 | D:8      | Found a shadowy altar of Dithmengos.
 10260 | D:8      | Acquired Okawaru's first power
 10275 | D:8      | Got a crude ruby amulet
 10276 | D:8      | Identified the amulet of Jofism {Stasis Int+1 Acc+4 Stlth-} (You found it on level 8 of the Dungeon)
 10510 | D:8      | Noticed a hill giant
 10520 | D:8      | Killed a hill giant
 10520 | D:8      | Reached skill level 17 in Polearms
 10661 | D:8      | Found an ancient bone altar of Kikubaaqudgha.
 10928 | D:9      | Found Blit's Armour Emporium.
 11157 | D:9      | Noticed Edmund
 11167 | D:9      | Killed Edmund
 11167 | D:9      | Reached skill level 18 in Polearms
 11184 | D:9      | Noticed Eustachio
 11189 | D:9      | Noticed Prince Ribbit
 11192 | D:9      | Killed Eustachio
 11208 | D:9      | Killed Prince Ribbit
 11338 | D:9      | Reached skill level 5 in Dodging
 11567 | D:10     | Entered Level 10 of the Dungeon
 12016 | D:10     | Reached XP level 11. HP: 86/89 MP: 11/11
 12074 | D:10     | Found a staircase to the Lair.
 12214 | D:10     | Found a staircase to the Orcish Mines.
 12409 | D:10     | Found Xyil's Assorted Antiques.
 12608 | D:10     | Reached skill level 10 in Fighting
 12924 | Lair:1   | Entered Level 1 of the Lair of Beasts
 12980 | Lair:1   | Noticed a five-headed hydra
 13519 | Lair:1   | HP: 3/92 [blink frog (11)]
 13538 | Lair:1   | Got a jewelled leather armour
 13912 | Lair:1   | Got a dazzling leather armour
 13922 | Lair:1   | Identified the cursed -5 leather armour of the Dozen Songs {+Rage Curse} (You found it on level 1 of the Lair of Beasts)
 13924 | Lair:1   | Identified the +4 leather armour of the Ban {Str-4 Int-2} (You found it on level 1 of the Lair of Beasts)
 14275 | Lair:1   | Found a frozen archway.
 14314 | Lair:1   | Reached skill level 10 in Dodging
 14981 | Lair:2   | HP: 4/93 [blink frog (6)]
 15368 | Lair:2   | Reached XP level 12. HP: 100/100 MP: 12/12
 15768 | Lair:2   | Acquired Okawaru's second power
 15783 | Lair:2   | Reached XP level 13. HP: 107/107 MP: 13/13
 17213 | Lair:3   | HP: 1/109 [12-headed hydra (6)]
 17213 | Lair:3   | Slain by a 12-headed hydra

Action                   |  1- 3 |  4- 6 |  7- 9 | 10-12 | 13-15 || total
-------------------------+-------+-------+-------+-------+-------++-------
Melee: Trident           |   138 |   259 |   467 |       |       ||   864
       Halberd           |       |       |    82 |   490 |   117 ||   689
Throw: Throwing net      |       |     3 |     2 |       |       ||     5
Invok: Heroism           |       |       |       |     1 |     1 ||     2
Evoke: Wand              |       |       |     1 |     2 |       ||     3
  Use: Scroll            |     3 |     1 |     2 |    16 |     5 ||    27
       Potion            |       |     2 |     1 |    11 |     1 ||    15
 Stab: Held in net/web   |       |     4 |       |       |       ||     4
